Map: Instalações Abandonadas

Players

AlanXD

  • Race: Protoss Protoss
  • Spawn Location: 3:00

Agony

  • Race: Protoss Protoss
  • League: Gold
  • Spawn Location: 1:00

abocgo - Winner!

  • Race: Protoss Protoss
  • Spawn Location: 7:00

IagoAbreu - Winner!

  • Race: Zerg Zerg
  • League: Gold
  • Spawn Location: 9:00

VOD

Have the link to the VOD?

Description

Time

  • Played on: May 13, 2018, 3:15 p.m.
  • Length: 11:29
Show
View Real Time Build Order
Export as new Build Order

AlanXD Protoss 

Build Orders:  

Get SALT Encoding   

  12  0:01  Probe  
  13  0:15  Pylon  
  13  0:18  Probe  
  14  0:33  Gateway, Probe  
  14  0:41  Probe  
  15  0:47  Assimilator  
  16  0:50  Probe  
  17  1:01  Probe  
  18  1:09  Probe  
  18  1:17  Probe  
  20  1:34  Probe  
  21  1:42  Cybernetics Core  
  21  1:46  Zealot  
  23  1:52  Pylon  
  23  1:54  Assimilator  
  23  2:07  Gateway  
  23  2:08  Forge  
  23  2:10  Probe  
  24  2:21  Probe  
  27  2:30  Adept  
  27  2:32  Warp Gate  
  27  2:49  Probe  
  28  2:59  Pylon  
  28  3:05  Probe  
  28  3:07  Nexus  
  29  3:13  Probe  
  29  3:19  Gateway  
  30  3:23  Stargate  
  30  3:33  Stalker  
  32  3:36  Probe  
  33  3:48  Probe  
  34  3:56  Adept  
  34  4:00  Probe  
  37  4:12  Pylon, Probe  
  38  4:19  Pylon, Oracle  
  38  4:24  Probe  
  42  4:38  Gateway x2  
  42  4:43  Probe  
  42  4:46  Probe  
  42  4:51  Probe  
  44  4:56  Oracle  
  44  4:58  Probe  
  49  5:13  Stalker x2  
  49  5:14  Stalker  
  55  5:21  Twilight Council, Robotics Facility  
  55  5:43  Probe x2  
  55  5:46  Photon Cannon  
  57  6:06  Photon Cannon  
  57  6:11  Pylon, Immortal  
  57  6:12  Probe  
  57  6:13  Blink  
  57  6:15  Probe  
  63  6:20  Assimilator  
  63  6:25  Assimilator  
  63  6:27  Probe  
  63  6:30  Stalker x2  
  63  6:31  Stalker x2  
  72  6:39  Probe x2  
  74  6:51  Probe  
  75  7:09  Probe  
  76  7:17  Pylon  
  76  7:19  Pylon  
  76  7:20  Pylon  
  76  7:35  Immortal  
  80  7:44  Stalker x4  
  80  7:45  Stalker  
  90  8:15  Warp Prism  
  86  9:06  Gateway  
  86  9:23  Stalker  
  86  9:24  Stalker x3  
  30  10:45  Nexus  
  30  10:52  Pylon  
  30  10:55  Pylon  
Show
View Real Time Build Order
Export as new Build Order

Agony Protoss 

Build Orders: Nexus First 

Get SALT Encoding   

  1  0:00  Probe  
  12  0:05  Probe  
  14  0:20  Pylon  
  14  0:22  Probe  
  15  0:38  Probe  
  16  0:50  Probe  
  17  1:02  Nexus  
  17  1:03  Probe  
  18  1:15  Probe  
  18  1:16  Gateway  
  19  1:30  Assimilator  
  19  1:38  Gateway  
  19  1:40  Probe  
  19  1:47  Pylon  
  20  1:52  Probe  
  21  1:56  Zealot  
  21  2:05  Probe  
  24  2:12  Assimilator  
  24  2:17  Probe  
  24  2:18  Cybernetics Core  
  24  2:21  Probe  
  26  2:29  Zealot, Probe  
  29  2:36  Zealot  
  31  2:41  Probe  
  31  2:42  Probe  
  33  2:53  Probe  
  33  2:54  Warp Gate  
  34  2:59  Stalker  
  34  3:05  Probe  
  37  3:08  Pylon  
  37  3:13  Stalker  
  37  3:17  Probe  
  40  3:22  Probe  
  41  3:29  Stalker, Probe  
  41  3:34  Stalker  
  44  3:37  Gateway  
  44  3:41  Probe  
  44  3:45  Gateway  
  47  3:52  Pylon  
  47  3:53  Probe  
  48  3:58  Probe  
  48  4:00  Pylon  
  48  4:02  Assimilator  
  49  4:06  Probe  
  49  4:09  Assimilator  
  49  4:12  Probe  
  49  4:13  Stalker  
  49  4:15  Probe  
  49  4:16  Zealot  
  56  4:24  Probe  
  56  4:25  Probe  
  58  4:33  Probe  
  58  4:36  Robotics Facility  
  59  4:43  Stargate, Probe  
  59  4:46  Pylon  
  60  5:07  Zealot  
  60  5:08  Zealot x2  
  60  5:09  Zealot  
  68  5:17  Probe  
  68  5:19  Probe  
  70  5:27  Phoenix  
  70  5:28  Immortal  
  72  5:31  Probe  
  77  5:38  Pylon  
  77  5:43  Probe  
  77  5:49  Forge  
  78  5:50  Forge, Phoenix  
  78  5:51  Forge  
  78  5:53  Twilight Council  
  78  5:56  Probe  
  81  5:57  Pylon  
  81  6:17  Phoenix  
  81  6:21  Immortal  
  81  6:25  Stalker x2  
  91  6:42  Phoenix  
  93  7:03  Protoss Shields Level 1  
  93  7:04  Protoss Ground Weapons Level 1  
  93  7:05  Protoss Ground Armor Level 1  
  93  7:08  Probe, Nexus  
  94  7:16  Pylon  
  94  7:32  Pylon  
  94  7:34  Immortal  
  98  8:15  Stalker  
  98  8:16  Stalker  
  102  8:38  Probe  
  103  8:45  Gateway  
  103  8:46  Gateway  
  103  8:50  Gateway, Probe  
  104  9:02  Probe  
  105  9:10  Pylon  
  105  9:17  Phoenix  
  107  9:34  Pylon  
  107  9:35  Phoenix  
  109  9:55  Phoenix  
  111  10:19  Phoenix  
  91  10:52  Gateway  
  91  10:54  Gateway  
  91  10:58  Stalker x3  
  91  10:59  Stalker x2  
  91  11:00  Stalker  
  91  11:01  Stalker  
  97  11:13  Probe  
  97  11:16  Cybernetics Core  
Show
View Real Time Build Order
Export as new Build Order

abocgo Protoss - Winner!

Build Orders:  

Get SALT Encoding   

  12  0:26  Probe  
  13  0:39  Pylon, Probe  
  14  0:51  Probe  
  15  1:03  Probe  
  16  1:12  Nexus  
  16  1:20  Assimilator  
  16  1:21  Probe  
  17  1:26  Assimilator  
  17  1:33  Probe  
  17  1:38  Forge  
  18  1:51  Gateway  
  18  2:20  Photon Cannon  
  18  2:30  Photon Cannon  
  18  2:39  Photon Cannon  
  18  2:49  Probe  
  18  2:57  Probe  
  20  3:06  Probe  
  21  3:18  Probe  
  22  3:23  Cybernetics Core  
  22  3:28  Pylon  
  22  3:30  Probe  
  23  3:37  Pylon  
  23  3:40  Probe  
  23  3:45  Assimilator  
  24  3:48  Probe  
  25  3:56  Probe  
  25  3:59  Assimilator  
  26  4:09  Probe  
  27  4:10  Stargate  
  27  4:17  Stargate  
  27  4:21  Probe  
  28  4:29  Pylon  
  28  4:34  Stargate  
  28  4:45  Void Ray  
  28  4:53  Void Ray  
  36  5:09  Void Ray  
  39  5:31  Pylon  
  39  5:38  Void Ray  
  39  5:42  Void Ray  
  39  5:43  Probe  
  39  5:49  Void Ray  
  44  5:55  Probe  
  53  6:19  Pylon  
  53  6:21  Void Ray  
  53  6:22  Pylon  
  57  6:43  Nexus  
  57  6:47  Protoss Air Weapons Level 1  
  57  6:57  Void Ray  
  61  7:36  Void Ray x2  
  69  7:40  Void Ray  
  73  7:52  Probe  
  74  8:00  Probe  
  75  8:09  Probe  
  76  8:18  Void Ray  
  76  8:19  Void Ray  
  80  8:21  Probe  
  85  8:32  Protoss Air Armor Level 1  
  85  8:34  Probe  
  86  8:47  Void Ray  
  90  8:51  Probe  
  91  9:01  Void Ray  
  91  9:02  Void Ray  
  95  9:03  Probe  
  100  9:15  Probe  
  89  9:27  Probe  
  90  9:39  Probe  
  90  9:40  Void Ray  
  90  9:43  Void Ray  
  99  10:02  Robotics Facility  
Show
View Real Time Build Order
Export as new Build Order

IagoAbreu Zerg - Winner!

Build Orders: Pool First 

Get SALT Encoding   

  12  0:01  Drone  
  13  0:13  Overlord  
  13  0:20  Drone  
  14  0:29  Extractor  
  14  0:30  Drone  
  14  0:33  Drone  
  15  0:40  Drone  
  16  0:49  Evolution Chamber  
  15  0:57  Spawning Pool  
  14  1:00  Drone  
  14  1:04  Drone  
  16  1:10  Drone  
  17  1:38  Drone  
  17  1:39  Drone  
  19  1:42  Drone  
  20  2:19  Hatchery  
  18  2:25  Queen  
  18  2:27  Zergling x4  
  22  2:47  Metabolic Boost  
  22  2:55  Overlord  
  22  2:56  Overlord  
  22  3:00  Zerg Melee Weapons Level 1  
  22  3:13  Queen  
  24  3:40  Zergling x6  
  24  3:41  Zergling x6  
  29  4:19  Lair  
  29  4:33  Overlord x4  
  29  4:34  Overlord  
  29  4:58  Pneumatized Carapace  
  29  5:01  Drone x2  
  29  5:02  Drone x4  
  35  5:11  Zergling x8  
  38  5:51  Zergling x4  
  38  5:52  Zergling x16  
  48  6:09  Overseer  
  48  6:30  Hatchery  
  47  6:42  Zergling x20  
  49  7:07  Queen  
  32  7:43  Queen  
  34  7:46  Drone x3  
  34  7:51  Drone  
  38  7:52  Drone x4  
  38  7:54  Queen  
  37  8:20  Overseer  
  14  8:57  Drone x3  
  14  8:59  Drone x5  
  14  9:00  Drone  
  14  9:01  Drone x3  
  24  9:26  Zergling x6  
  24  9:27  Zergling x6  
  30  9:38  Zergling x16  
  33  9:39  Zergling x2  
  24  9:54  Zergling x6  
  24  10:09  Zergling x2  
  24  10:10  Zergling x4  
  24  10:35  Drone x3  
Tags
 
Add a new tag
Caveats
  • Supply blocks, unpowered buildings, or Contaminate may cause inaccurate times.
  • Supply counts are checked every 10 seconds.